 Dungeon Crawl Stone Soup version 0.31-a0-271-gb88eb75e06 (webtiles) character file.

Game seed: 2236587739694901063

970 AlmostDecent the Chiller (level 8, -3/58 HPs)
             Began as a Gnoll Ice Elementalist on July 13, 2023.
             Was a Follower of Vehumet.
             Slain by a water moccasin (4 damage)
             ... on level 7 of the Dungeon on July 15, 2023.
             The game lasted 00:19:21 (5687 turns).

AlmostDecent the Chiller (Gnoll Ice Elementalist)   Turns: 5687, Time: 00:19:22

Health: -3/58      AC:  4    Str:  7    XL:     8   Next: 16%
Magic:  11/16      EV: 14    Int: 16    God:    Vehumet [*.....]
Gold:   392        SH:  0    Dex: 14    Spells: 6/18 levels left

rFire   . . .        o - staff of conjuration
rCold   . . .        (no shield)
rNeg    . . .        a - +0 robe
rPois   .            l - +0 helmet
rElec   .            (no cloak)
rCorr   .            m - +0 pair of gloves
SInv    .            (no boots)
Will    .....        (no amulet)
Stlth   +++          n - ring of wizardry
HPRegen 0.29/turn    q - ring of wizardry
MPRegen 0.15/turn

%: wizardry (x2)
@: brilliant, lethally poisoned (-3 -> -8)
A: fangs 1, strong nose, distributed training, hooves 1, MP-powered wands
a: Renounce Religion


You were on level 7 of the Dungeon.
You worshipped Vehumet.
Vehumet was aware of your devotion.
You visited 2 branches of the dungeon, and saw 8 of its levels.

You collected 392 gold pieces.

Inventory:

Hand Weapons
 c - a +1 scimitar
Armour
 a - a +0 robe (worn)
 l - a +0 helmet (worn)
 m - a +0 pair of gloves (worn)
Magical Staves
 o - a staff of conjuration (weapon)
Jewellery
 n - a ring of wizardry (left hand)
 q - a ring of wizardry (right hand)
Wands
 e - a wand of polymorph (10)
 g - a wand of digging (5)
Scrolls
 f - a scroll of butterflies
 j - a scroll of teleportation
 p - a scroll of vulnerability
 r - a scroll of revelation
Potions
 d - a potion of resistance
 h - 2 potions of enlightenment


   Skills:
 + Level 3.1 Fighting
 + Level 3.1 Short Blades
 + Level 3.1 Long Blades
 + Level 3.1 Axes
 + Level 3.1 Maces & Flails
 + Level 3.1 Polearms
 + Level 3.1 Staves
 + Level 3.1 Ranged Weapons
 + Level 3.1 Throwing
 + Level 3.1 Armour
 + Level 5.5 Dodging
 + Level 5.2 Stealth
 + Level 3.1 Shields
 + Level 3.1 Unarmed Combat
 + Level 5.9 Spellcasting
 + Level 2.5 Conjurations
 + Level 2.5 Hexes
 + Level 2.5 Summonings
 + Level 2.5 Necromancy
 + Level 2.5 Translocations
 + Level 2.5 Transmutations
 + Level 2.5 Fire Magic
 + Level 7.6 Ice Magic
 + Level 2.5 Air Magic
 + Level 2.5 Earth Magic
 + Level 2.5 Poison Magic
 + Level 3.4 Invocations
 + Level 3.1 Evocations
 + Level 2.5 Shapeshifting


You had 6 spell levels left.
You knew the following spells:

 Your Spells              Type           Power      Damage    Failure   Level
a - Freeze                Ice            100%       1d10      1%          1
b - Frozen Ramparts       Ice            86%        1d13      1%          3
c - Ozocubu's Armour      Ice            43%        N/A       1%          3
d - Summon Ice Beast      Ice/Summ       31%        N/A       4%          4
e - Sandblast             Erth           38%        2d10      1%          1

Your spell library contained the following spells:

 Spells                   Type           Power      Damage    Failure   Level
 Shock                    Conj/Air       100%       1d9       1%          1
 Passwall                 Tmut/Erth      15%        N/A       2%          2
 Stone Arrow              Conj/Erth      56%        3d10      4%          3


Dungeon Overview and Level Annotations

Branches:
Dungeon (7/15)             Temple (1/1) D:4

Altars:
Ashenzari
Dithmenos
Hepliaklqana
Kikubaaqudgha
Makhleb
Nemelex Xobeh
Okawaru
Qazlal
Trog
Vehumet
Yredelemnul
Zin

Shops:
D:6 :


Innate Abilities, Weirdness & Mutations

You have very sharp teeth.
Your uncanny sense of smell can sniff out nearby items.
Your experience applies equally to all skills.
You have large cloven feet.
You expend magic power (3 MP) to strengthen your wands.


Message History

The water moccasin bites you!
You feel sick.
You see here 8 stones.
You feel sick.
You feel sick.
The water moccasin bites you but does no damage.
The water moccasin attacks as you move away!
The water moccasin barely misses you.
You feel sick.
The water moccasin attacks as you move away!
The water moccasin bites you!
* * * LOW HITPOINT WARNING * * *
You are lethally poisoned!
The water moccasin poisons you!
* * * LOW HITPOINT WARNING * * *
You feel very sick. The water moccasin closely misses you.
It was a potion of brilliance.
You feel clever all of a sudden.
* * * LOW HITPOINT WARNING * * *
You feel sick.
The water moccasin completely misses you.
It was a potion of mutation.
You feel extremely strange.
You feel your magical essence link to the dungeon's wands.
Your feet thicken and deform.
* * * LOW HITPOINT WARNING * * *
You feel sick.
The water moccasin bites you but does no damage.
Okay, then.
Okay, then.
Aiming: Polymorph
Press: ? - help, Shift-Dir - straight line, f - you, p - water moccasin
Okay, then.
Aiming: Polymorph
Press: ? - help, Shift-Dir - straight line, f/p - water moccasin
Aim: a water moccasin (heavily wounded, will become an ice beast, an acid dragon, or a steam dragon, chance to affect: 62%)
Okay, then.
Unknown command.
Unknown command.
* * * LOW HITPOINT WARNING * * *
You feel sick. The water moccasin bites you.
You die...

#.##<####.#
#.........#
#.######### #.#
##.######
#.......#
#.......#
#.......#
#......@#
#......S#
#.......#######
#.............#
######........#
#..(.....#
#........#
#........#
#........#


You could see a water moccasin.

Vanquished Creatures
  Prince Ribbit (D:5)
  A sky beast (D:6)
  An ice beast (D:5)
  A kobold brigand (D:6)
  A hound (D:6)
  A jelly (D:7)
  4 iguanas
  4 orc wizards
  6 adders
  A shadow imp (D:5)
  A white imp (D:7)
  A worm (D:3)
  A dart slug (D:5)
  8 orcs
  10 bats
  6 endoplasms
  A giant cockroach (D:1)
  5 goblins
  2 hobgoblins
  3 quokkas
  9 ball pythons
  7 frilled lizards
  12 kobolds
  3 rats
90 creatures vanquished.

Vanquished Creatures (collateral kills)
  An ogre (D:5)
  A sleepcap (D:5)
  2 orcs (D:5)
4 creatures vanquished.

Grand Total: 94 creatures vanquished

Notes
Turn   | Place    | Note
-------+----------+-------------------------------------------
     0 | D:1      | AlmostDecent the Gnoll Ice Elementalist began the quest for
                  | the Orb.
     0 | D:1      | Reached XP level 1. HP: 13/13 MP: 6/6
   129 | D:1      | Reached XP level 2. HP: 19/19 MP: 0/7
   820 | D:1      | Reached XP level 3. HP: 25/25 MP: 9/9
   824 | D:1      | Learned a level 3 spell: Frozen Ramparts
   828 | D:1      | Learned a level 3 spell: Ozocubu's Armour
   888 | D:1      | Reached skill level 5 in Spellcasting
  1194 | D:2      | Reached skill level 1 in Invocations
  1393 | D:2      | Reached skill level 1 in Fighting
  1393 | D:2      | Reached skill level 1 in Short Blades
  1393 | D:2      | Reached skill level 1 in Long Blades
  1393 | D:2      | Reached skill level 1 in Axes
  1393 | D:2      | Reached skill level 1 in Maces & Flails
  1393 | D:2      | Reached skill level 1 in Polearms
  1393 | D:2      | Reached skill level 1 in Staves
  1393 | D:2      | Reached skill level 1 in Ranged Weapons
  1393 | D:2      | Reached skill level 1 in Throwing
  1393 | D:2      | Reached skill level 1 in Armour
  1393 | D:2      | Reached skill level 1 in Shields
  1393 | D:2      | Reached skill level 1 in Unarmed Combat
  1393 | D:2      | Reached skill level 1 in Evocations
  1811 | D:3      | Reached XP level 4. HP: 32/32 MP: 7/11
  2943 | D:4      | Found a staircase to the Ecumenical Temple.
  2967 | Temple   | Entered the Ecumenical Temple
  2983 | Temple   | Became a worshipper of Vehumet
  3001 | Temple   | Learned a level 4 spell: Summon Ice Beast
  3003 | Temple   | Learned a level 1 spell: Sandblast
  3115 | D:4      | Reached skill level 1 in Conjurations
  3115 | D:4      | Reached skill level 1 in Hexes
  3115 | D:4      | Reached skill level 1 in Summonings
  3115 | D:4      | Reached skill level 1 in Necromancy
  3115 | D:4      | Reached skill level 1 in Translocations
  3115 | D:4      | Reached skill level 1 in Transmutations
  3115 | D:4      | Reached skill level 1 in Fire Magic
  3115 | D:4      | Reached skill level 1 in Air Magic
  3115 | D:4      | Reached skill level 1 in Earth Magic
  3115 | D:4      | Reached skill level 1 in Poison Magic
  3115 | D:4      | Reached skill level 1 in Shapeshifting
  3420 | D:5      | Entered Level 5 of the Dungeon
  3430 | D:5      | Reached XP level 5. HP: 25/37 MP: 4/12
  3516 | D:5      | Noticed Prince Ribbit
  3528 | D:5      | Killed Prince Ribbit
  3529 | D:5      | Reached skill level 5 in Dodging
  3529 | D:5      | Reached XP level 6. HP: 36/44 MP: 3/14
  3780 | D:5      | Noticed an ice beast
  3823 | D:5      | HP: 3/66 [ice beast (11)]
  3830 | D:5      | Killed an ice beast
  3831 | D:5      | Reached XP level 7. HP: 14/50 MP: 6/15
  4282 | D:5      | Reached skill level 5 in Stealth
  4623 | D:5      | Upgraded the game from 0.31-a0-263-ge8cad7f256 to
                  | 0.31-a0-271-gb88eb75e06
  4722 | D:6      | Reached * piety under Vehumet
  4722 | D:6      | Offered knowledge of Shock by Vehumet.
  4796 | D:6      | Reached XP level 8. HP: 53/57 MP: 8/16
  5005 | D:6      | Found Danacs's Book Shoppe.
  5686 | D:7      | Gained mutation: You expend magic power (3 MP) to
                  | strengthen your wands. [potion of mutation]
  5686 | D:7      | Gained mutation: You have large cloven feet. [potion of
                  | mutation]
  5686 | D:7      | HP: 2/58 [poisoned by a water moccasin]
  5687 | D:7      | Slain by a water moccasin

Illustrated notes

Levels and vault maps discovered:
D:1:      dpeg_arrival_pits, layout_basic, grunt_decor_resistance
D:2:      layout_loops_ring
D:3:      layout_loops_corners, eino_curves_02
D:4:      layout_cave_pools, minmay_temple_entry_overgrown
D:5:      layout_cave_pools, uniq_prince_ribbit1
D:6:      layout_gridville, serial_shops, shop
D:7:      layout_basic
Temple:   hellmonk_temple_of_storms

Skill      XL: |  1  2  3  4  5  6  7  8 |
---------------+-------------------------+-----
Spellcasting   | 5 |  5.9
Invocations    | 1 2 3 |  3.4
Fighting       | 1 2 3 |  3.1
Short Blades   | 1 2 3 |  3.1
Long Blades    | 1 2 3 |  3.1
Axes           | 1 2 3 |  3.1
Maces & Flails | 1 2 3 |  3.1
Polearms       | 1 2 3 |  3.1
Staves         | 1 2 3 |  3.1
Ranged Weapons | 1 2 3 |  3.1
Throwing       | 1 2 3 |  3.1
Armour         | 1 2 3 |  3.1
Shields        | 1 2 3 |  3.1
Unarmed Combat | 1 2 3 |  3.1
Evocations     | 1 2 3 |  3.1
Conjurations   | 1 2 |  2.5
Hexes          | 1 2 |  2.5
Summonings     | 1 2 |  2.5
Necromancy     | 1 2 |  2.5
Translocations | 1 2 |  2.5
Transmutations | 1 2 |  2.5
Fire Magic     | 1 2 |  2.5
Air Magic      | 1 2 |  2.5
Earth Magic    | 1 2 |  2.5
Poison Magic   | 1 2 |  2.5
Shapeshifting  | 1 2 |  2.5
Dodging        | 5 |  5.5
Stealth        | 5 |  5.2
Ice Magic      | |  7.6

Action                     |  1- 3 |  4- 6 |  7- 9 || total
---------------------------+-------+-------+-------++-------
  Melee: Scimitar          |    20 |     1 |       ||    21
         Bite              |     1 |     3 |     4 ||     8
         Punch             |     1 |       |       ||     1
         Staff             |       |    14 |    12 ||    26
   Cast: Freeze            |    47 |    25 |       ||    72
         Sandblast         |       |    25 |    76 ||   101
         Frozen Ramparts   |       |     1 |     7 ||     8
         Ozocubu's Armour  |       |     3 |       ||     3
         Summon Ice Beast  |       |     2 |     1 ||     3
    Use: Potion            |       |     6 |     2 ||     8
         Scroll            |       |    10 |     3 ||    13
   Stab: Sleeping          |     2 |     2 |       ||     4
 Armour: Robe              |    14 |     9 |    16 ||    39
         Skin              |       |     7 |       ||     7
  Dodge: Dodged            |    36 |    21 |    51 ||   108

Table legend: (Time is in decaauts)
 A = Elapsed time spent in this place.
 B = Non-inter-level travel time spent in this place.
 C = Inter-level travel time spent in this place.
 D = Time resting spent in this place.
 E = Time spent auto-exploring this place.
 F = Levels seen in this place.
 G = Mean time per level.
                   A        B        C        D        E       F      G
               +--------+--------+--------+--------+--------+-----+--------+
         Total |   5745 |   5495 |    250 |     86 |   4647 |   8 |  718.1 |
       Dungeon |   5705 |   5467 |    238 |     86 |   4643 |   7 |  815.0 |
        Temple |     39 |     27 |     12 |      0 |      4 |   1 |   39.0 |
               +--------+--------+--------+--------+--------+-----+--------+

Top non-repeatable levels by time:
     D:5: 1239 daAuts
     D:3: 1112 daAuts
     D:1: 1061 daAuts
     D:6: 958 daAuts
     D:2: 749 daAuts
     D:4: 466 daAuts
     D:7: 116 daAuts
  Temple: 39 daAuts
